 Dungeon Crawl Stone Soup version 0.16-a0-3501-g08befd0 (webtiles) character file.

1495 Jon2 the Spear-Bearer (level 8, 0/100 HPs)
             Began as a Merfolk Skald on Jan 6, 2015.
             Was a Believer of Okawaru.
             Slain by an orc warrior
             ... wielding a +0 glaive
              (19 damage)
             ... on level 6 of the Dungeon.
             The game lasted 00:38:32 (8395 turns).

Jon2 the Spear-Bearer (Merfolk Skald)               Turns: 8395, Time: 00:38:34

Health: 0/100      AC: 14    Str: 17    XL:     8   Next: 81%
Magic:  13/13      EV:  2    Int: 18    God:    Okawaru [**....]
Gold:   274        SH: 13    Dex: 14    Spells: 3 memorised, 6 levels left

rFire  x . .     SeeInvis .     a - +0 spear
rCold  + . .     Clarity  .     C - +0 plate armour
rNeg   . . .     SustAb   .     e - +0 large shield
rPois  .         Gourm    .     (no helmet)
rElec  .         Spirit   .     y - +0 cloak (curse)
rCorr  .         Warding  .     m - +0 pair of gloves
rMut   .         Stasis   .     p - +0 pair of boots
MR     .....                    g - amulet of rage
Stlth  ..........               (no ring)
                                k - ring of ice

@: mighty, brilliant, berserking, slowed, not resistant to hostile enchantments,
extremely unstealthy
A: change form in water, swift swim, robust 1, wild magic 1
a: Heroism, Renounce Religion, Evoke Berserk Rage


You were on level 6 of the Dungeon.
You worshipped Okawaru.
Okawaru was pleased with you.
You were hungry.

You visited 2 branches of the dungeon, and saw 7 of its levels.
You also visited: Sewer.

You collected 274 gold pieces.

Inventory:

Hand weapons
 a - a +0 spear (weapon)
Armour
 e - a +0 large shield (worn)
 m - a +0 pair of gloves (worn)
 p - a +0 pair of boots (worn)
 x - a +0 shield
 y - a cursed +0 cloak (worn)
 C - a +0 plate armour (worn)
Jewellery
 g - an amulet of rage (around neck)
 k - a ring of ice (left hand)
 u - an uncursed ring of teleportation
Magical devices
 F - a wand of teleportation (1)
Scrolls
 f - 3 scrolls of remove curse
 h - a scroll of random uselessness {unknown}
 i - a scroll of enchant armour {unknown}
 n - 3 scrolls of teleportation {unknown}
 o - 5 scrolls of identify {unknown}
 q - a scroll of enchant weapon {unknown}
 r - 2 scrolls of amnesia {unknown}
 s - 2 scrolls of fear {unknown}
 v - 2 scrolls of recharging {unknown}
 w - 2 scrolls of blinking
 B - 2 scrolls of immolation {unknown}
Potions
 j - 2 potions of curing
 t - a potion of brilliance
 E - a potion of haste {unknown}
Books
 c - a book of Battle

   Spells                             Type                      Level
   a - Infusion                       Charms                       1
   b - Shroud of Golubria             Charms/Translocation         2
   c - Song of Slaying                Charms                       2
   d - Spectral Weapon                Hexes/Charms                 3
   e - Regeneration                   Charms/Necromancy            3
Comestibles
 b - a meat ration
 d - 5 bread rations
 l - 3 beef jerkies
 A - 3 royal jellies


   Skills:
 + Level 4.9 Fighting
 * Level 8.6 Polearms
 + Level 3.0 Armour
 - Level 4.8 Dodging
 + Level 3.6 Shields
 - Level 2.0 Spellcasting
 - Level 5.8 Charms


You had 6 spell levels left.
You knew the following spells:

 Your Spells              Type           Power        Failure   Level  Hunger
a - Infusion              Chrm           ######       100%        1    #......
b - Shroud of Golubria    Chrm/Tloc      ####......   100%        2    ###....
c - Song of Slaying       Chrm           ######..     100%        2    ###....


Dungeon Overview and Level Annotations

Branches:
Dungeon (6/15)             Temple (1/1) D:4

Altars:
Cheibriados
Dithmenos
Fedhas
Gozag
Kikubaaqudgha
Makhleb
Nemelex Xobeh
Okawaru
Qazlal
Ru
Sif Muna
Trog
Xom
Yredelemnul
Zin

Annotations:
D:5 runed door


Innate Abilities, Weirdness & Mutations

You revert to your normal form in water.
You are very nimble and swift while swimming.
You are robust (+10% HP).
Your spells are a little harder to cast, but a little more powerful.


Message History

You feel yourself slow down. You block the orc warrior's attack.
Use which ability? (? or * to list)
A red film seems to cover your vision as you go berserk!
You feel yourself moving faster!
You feel mighty! You block the orc wizard's attack.
The orc wizard hits you but does no damage.
The orc warrior hits you from afar with a glaive!
* * * LOW HITPOINT WARNING * * *
The orc hits you but does no damage.
You barely miss the orc wizard.
The orc wizard gestures at you while chanting.
The magic dart hits you!
* * * LOW HITPOINT WARNING * * *
You puncture the orc wizard!
The orc wizard is almost dead.
The orc wizard hits you but does no damage.
The orc hits you with a hand axe.
* * * LOW HITPOINT WARNING * * *
The orc warrior hits you from afar with a glaive!!
You die...

#####.# #.#
......# #.#
###.... #.# ##.#
[#.# ### .#.# ..#
.#########.#.#
..#
....oooo....#.#
..#
....oooo@...#.#
..#
#+#.#######.##.#
..# #.# #....#
..# #.# ######
..######.#
.........#
#######..# # #..#
#######..########


You could see an orc warrior, an orc priest, an orc wizard and 5 orcs.

Vanquished Creatures
  The ghost of miro the Skirmisher, an average GrFi of Okawaru (D:3)
  A black bear (D:4)
  An orc warrior (D:6)
  A phantom (D:4)
  2 sky beasts
  An ogre (D:5)
  Blork the orc (D:5)
  A giant frog (D:6)
  2 big kobolds (Sewer)
  A crimson imp (D:5)
  A giant frog zombie (D:5)
  2 hounds (D:4)
  An orc wizard (D:6)
  An iguana (D:3)
  A human skeleton (D:5)
  2 worker ants (D:5)
  Ijyb (D:5)
  A hound skeleton (D:5)
  2 gnolls (D:1)
  2 river rats (Sewer)
  9 adders
  A shadow imp (D:6)
  2 giant mites (D:5)
  7 worms
  2 adder skeletons
  8 oozes
  9 orcs
  4 ball pythons
  11 bats
  10 goblins
  6 hobgoblins
  6 jackals (D:2)
  A quokka (D:5)
  10 giant cockroaches
  3 giant geckos
  3 giant newts (D:1)
  A goblin zombie (D:6)
  16 kobolds
  15 rats
150 creatures vanquished.

Vanquished Creatures (others)
  An ogre (D:5)
  A rat (D:5)
2 creatures vanquished.

Grand Total: 152 creatures vanquished

Notes
Turn   | Place    | Note
--------------------------------------------------------------
     0 | D:1      | Jon2, the Merfolk Skald, began the quest for the Orb.
     0 | D:1      | Reached XP level 1. HP: 16/16 MP: 3/3
   462 | D:1      | Reached XP level 2. HP: 15/22 MP: 4/4
   545 | D:1      | Reached skill level 1 in Armour
   696 | D:1      | Reached skill level 4 in Polearms
   696 | D:1      | Reached XP level 3. HP: 28/28 MP: 6/6
  1173 | D:2      | Learned a level 2 spell: Shroud of Golubria
  1176 | D:2      | Learned a level 2 spell: Song of Slaying
  1353 | D:2      | Reached XP level 4. HP: 12/34 MP: 0/7
  1710 | D:2      | Found a shimmering altar of Xom.
  1760 | D:2      | Found an ancient bone altar of Kikubaaqudgha.
  1767 | D:2      | Found a blossoming altar of Fedhas.
  1960 | D:2      | Found a stormy altar of Qazlal.
  2582 | D:3      | Reached XP level 5. HP: 39/39 MP: 3/9
  2723 | D:3      | Noticed miro's ghost (average GrFi)
  2735 | D:3      | Killed miro's ghost
  2735 | D:3      | Reached skill level 5 in Polearms
  2735 | D:3      | Reached XP level 6. HP: 45/47 MP: 10/10
  2832 | D:3      | Found a deep blue altar of Sif Muna.
  2977 | D:3      | Found a bloodstained altar of Trog.
  3584 | D:4      | Reached skill level 1 in Shields
  3945 | D:4      | Found a staircase to the Ecumenical Temple.
  3970 | Temple   | Entered the Ecumenical Temple
  4035 | Temple   | Became a worshipper of Warmaster Okawaru
  4151 | D:4      | Reached skill level 6 in Polearms
  4151 | D:4      | Reached XP level 7. HP: 52/52 MP: 12/12
  4445 | D:4      | Reached skill level 5 in Charms
  4720 | D:5      | Entered Level 5 of the Dungeon
  4720 | D:5      | Noticed Blork the orc
  4740 | D:5      | Killed Blork the orc
  4874 | D:5      | Found a shadowy altar of Dithmenos.
  5016 | D:5      | Found a glowing drain.
  5032 | D:5      | Reached skill level 7 in Polearms
  5053 | Sewer    | Entered a sewer
  5723 | Sewer    | Acquired Okawaru's first power
  5744 | Sewer    | Reached XP level 8. HP: 11/60 MP: 6/13
  6657 | D:5      | Noticed Ijyb
  6730 | D:5      | Found a runed door.
  6730 | D:5      | Noticed a human
  6818 | D:5      | Found a basalt altar of Yredelemnul.
  6948 | D:5      | Found a burning altar of Makhleb.
  6952 | D:5      | Found a glowing silver altar of Zin.
  6953 | D:5      | Noticed a green death
  6953 | D:5      | Noticed an angel
  7001 | D:5      | Killed Ijyb
  7142 | D:5      | Gained mutation: You are robust (+10% HP). [mutagenic meat]
  7214 | D:5      | Reached skill level 8 in Polearms
  7792 | D:6      | Gained mutation: Your spells are a little harder to cast, but a little more powerful. [mutagenic meat]
  8395 | D:6      | Slain by an orc warrior

Action                   |  1- 3 |  4- 6 |  7- 9 || total
-------------------------+-------+-------+-------++-------
Melee: Spear             |   139 |   268 |   643 ||  1050
 Cast: Shroud of Golubri |     3 |     6 |       ||     9
       Infusion          |     1 |     3 |    12 ||    16
       Song of Slaying   |     1 |       |     1 ||     2
 Abil: Evoke Berserk Rag |     2 |     3 |     7 ||    12
  Use: Potion            |       |     2 |     3 ||     5
       Scroll            |       |     2 |       ||     2
 Stab: Distracted        |       |       |     1 ||     1
  Eat: Chunk             |     3 |     5 |     8 ||    16
       Fruit             |       |     3 |       ||     3
       Meat ration       |       |     1 |     2 ||     3
       Pizza             |       |       |     1 ||     1
